 Dungeon Sprint DCSS version 0.21.0-24-g2553a33 (webtiles) character file.

1750 letownia2 the Grappler (level 8, -1/87 HPs)
             Began as a Troll Wizard on Jan 20, 2018.
             Was an Initiate of Gozag.
             Slain by a yaktaur (4 damage)
             ... in the Dungeon (Sprint II: "The Violet Keep of Menkaure").
             The game lasted 00:06:04 (541 turns).

letownia2 the Grappler (Troll Wizard)                Turns: 541, Time: 00:06:04

Health: -1/87      AC:  5    Str: 14 (16) XL:     8   Next: 78%
Magic:  0/13       EV:  9    Int: 15 (16) God:    Gozag
Gold:   355        SH:  6    Dex:  8      Spells: 6/15 levels left

rFire    . . .     SeeInvis .     - Unarmed
rCold    . . .     Gourm    +   (no shield)
rNeg     . . .     Faith    .   a - +0 robe
rPois    .         Spirit   .   b - +0 hat
rElec    .         Reflect  +   (no cloak)
rCorr    .         Harm     .   (gloves unavailable)
MR       .....     NoTele   +   (boots unavailable)
Stlth    +.........             i - +6 amulet of reflection
HPRegen  0.64/turn              (no ring)
MPRegen  0.13/turn              (no ring)

@: gold aura, very slightly contaminated, slowed, very slow
A: large, unfitting armour, claws 3, deterioration 1, fast metabolism 3,
gourmand, regeneration 1, shaggy fur 1, tough skin 2
a: Potion Petition, Call Merchant, Bribe Branch, Renounce Religion


You were in the Dungeon.
You worshipped Gozag.
Gozag was aware of your devotion.
You were full.

You visited 1 branch You collected 1638 gold pieces.
You spent 858 gold pieces at shops.
You paid 425 gold pieces to Gozag.

Inventory:

Armour
 a - a +0 robe (worn)
 b - a +0 hat (worn)
Jewellery
 i - a +6 amulet of reflection (around neck)
Scrolls
 j - a scroll of blinking
Potions
 e - a potion of curing
 g - a potion of haste
 h - 2 potions of magic
Books
 c - a book of Minor Magic

   Spells                             Type                      Level
   a - Magic Dart                     Conjuration                  1
   b - Blink                          Translocation                2
   c - Call Imp                       Summoning                    2
   d - Slow                           Hexes                        2
   e - Conjure Flame                  Conjuration/Fire             3
   f - Mephitic Cloud                 Conjuration/Poison/Air       3
Comestibles
 d - 2 rations


   Skills:
 + Level 7.0 Fighting
 - Level 1.5 Dodging
 - Level 1.0 Stealth
 + Level 13.0 Unarmed Combat
 - Level 4.2 Spellcasting
 - Level 4.3 Conjurations
   Level 0.6 Summonings
 - Level 2.5 Translocations
 - Level 3.2 Fire Magic
 - Level 2.9 Air Magic
 - Level 3.2 Poison Magic


You had 6 spell levels left.
You knew the following spells:

 Your Spells              Type           Power        Failure   Level  Hunger
a - Magic Dart            Conj           ###.         3%          1    None
b - Blink                 Tloc           N/A          10%         2    ##.....
c - Conjure Flame         Conj/Fire      ##......     11%         3    ###....
e - Mephitic Cloud        Conj/Pois/Air  ##......     13%         3    ###....


Dungeon Overview and Level Annotations

Branches:
Dungeon (1/1)

Altars:
Cheibriados
Dithmenos
Elyvilon
Fedhas
Gozag
Hepliaklqana
Kikubaaqudgha
Makhleb
Nemelex Xobeh
Okawaru
Qazlal
Ru
Sif Muna
Trog
Uskayaw
Vehumet
Wu Jian
Xom
Yredelemnul
Zin
The Shining One
Beogh
Jiyva
Lugonu

Shops:
D :::!=}[=[==?[%(=!

Annotations:
D exclusion: oklob plant


Innate Abilities, Weirdness & Mutations

You are too large for most types of armour.
You have claws for hands.
Your metabolism is lightning-fast.
You like to eat raw meat.
Your natural rate of healing is unusually fast.
You are covered in fur. (AC +1)
You have very tough skin. (AC +2)
Your body sometimes deteriorates upon taking damage.


Message History

Your body deteriorates!
You feel dopey.
Unknown command.
Unknown command.
Casting: Mephitic Cloud
Confirm with . or Enter, or press ? or * to list all spells.
Aiming: Mephitic Cloud
Press: ? - help, Shift-Dir - straight line, f/p - yaktaur
Aim: a yaktaur (almost dead) That beam is likely to hit you.
Continue anyway?
The ball explodes into a vile cloud!
The stinking cloud engulfs the yaktaur.
The yaktaur is almost dead.
The stinking cloud engulfs the hornet.
The hornet is heavily wounded.
The stinking cloud engulfs you! The hornet stings you.
* * * LOW HITPOINT WARNING * * *
You feel yourself slow down.
The yaktaur is engulfed in noxious fumes.
The yaktaur appears confused.
The yaktaur hits you.
You die...
Your body crumbles into a pile of gold. ..###.#### $+.##. $$$ $$ .##.#....#$ ...# ## $ .#.####..## #..# $# $!!?( $ #'###.##..# $+..# .# $)$$)

#.##..##..# #..# .#▓)?$)(
$
.<.'.##'..####^.##.#▓)?[[)
#.##.#.#..§.###.§.##▓▓▓▓▓▓
#'###.##.§.§..≈§cy≈≈≈≈≈≈≈≈
#.#####≈≈.§§..≈#@########+
.#..#≈≈§≈≈§§.§≈#_(_.....#§
.#.##≈≈§≈≈§≈§§§#._._....#§
#+##≈≈≈≈§≈§≈§§≈#_._._...#§
$ ≈≈≈≈≈≈§≈§§§≈≈#._._._..#≈
$ +++#≈§≈§≈≈≈≈≈#_._._._.#≈
$ ##≈§§###≈§#._._._._#§ $
##§≈ #≈§#.._._._.#§ $
#§≈#._._._..#§


You could see a yaktaur (confused) and a hornet.

Vanquished Creatures
  3 polar bears (D)
  4 neqoxecs (D)
  Menkaure (D)
  4 necrophages (D)
  A crocodile (D)
  4 worker ants (D)
  3 worms (D)
20 creatures vanquished.

Notes
Turn   | Place    | Note
-------+----------+-------------------------------------------
     0 | D        | letownia2 the Troll Wizard began the quest for the Orb.
     0 | D        | Reached XP level 1. HP: 16/16 MP: 2/2
    11 | D        | Reached skill level 1 in Fighting
    11 | D        | Reached skill level 2 in Unarmed Combat
    29 | D        | Reached skill level 3 in Unarmed Combat
    49 | D        | Reached XP level 2. HP: 12/27 MP: 4/4
    84 | D        | Noticed a lava snake
    85 | D        | Noticed a lava snake
    85 | D        | Noticed a lava snake
    86 | D        | Noticed a lava snake
    86 | D        | Noticed Menkaure
   107 | D        | Killed Menkaure
   107 | D        | Reached skill level 8 in Unarmed Combat
   107 | D        | Reached XP level 3. HP: 18/33 MP: 5/5
   107 | D        | Reached XP level 4. HP: 22/41 MP: 6/6
   107 | D        | Reached XP level 5. HP: 26/48 MP: 7/7
   112 | D        | Learned a level 3 spell: Mephitic Cloud
   116 | D        | Learned a level 3 spell: Conjure Flame
   150 | D        | Noticed a crocodile
   160 | D        | Killed a crocodile
   160 | D        | Reached skill level 1 in Fire Magic
   160 | D        | Reached skill level 1 in Air Magic
   160 | D        | Reached skill level 1 in Poison Magic
   204 | D        | Found an iron altar of Okawaru.
   204 | D        | Found a radiant altar of Vehumet.
   204 | D        | Found a glowing silver altar of Zin.
   205 | D        | Found a sparkling altar of Nemelex Xobeh.
   205 | D        | Found a hide-covered altar of Uskayaw.
   205 | D        | Found a basalt altar of Yredelemnul.
   206 | D        | Found an opulent altar of Gozag.
   206 | D        | Found a burning altar of Makhleb.
   206 | D        | Found a bloodstained altar of Trog.
   206 | D        | Found a shimmering altar of Xom.
   207 | D        | Found a blossoming altar of Fedhas.
   207 | D        | Found a corrupted altar of Lugonu.
   207 | D        | Found a deep blue altar of Sif Muna.
   208 | D        | Found a white marble altar of Elyvilon.
   208 | D        | Found an ancient bone altar of Kikubaaqudgha.
   208 | D        | Found a sacrificial altar of Ru.
   209 | D        | Found a shadowy altar of Dithmenos.
   209 | D        | Found a viscous altar of Jiyva.
   210 | D        | Found a snail-covered altar of Cheibriados.
   212 | D        | Found a roughly hewn altar of Beogh.
   212 | D        | Found a hazy altar of Hepliaklqana.
   213 | D        | Found a glowing golden altar of the Shining One.
   213 | D        | Found an ornate altar of the Wu Jian Council.
   213 | D        | Found a stormy altar of Qazlal.
   215 | D        | Became a worshipper of Gozag Ym Sagoz the Greedy
   235 | D        | Found Sosch's Jewellery Boutique.
   235 | D        | Found Tyusomag's Distillery.
   236 | D        | Found Vaom's Food Boutique.
   236 | D        | Found Lekiq's Antique Weapon Shop.
   237 | D        | Found Pisyss's Jewellery Boutique.
   237 | D        | Found Rytun's Magic Scroll Shop.
   238 | D        | Found Doban's Jewellery Boutique.
   239 | D        | Found Zapailys's Jewellery Shop.
   239 | D        | Found Juicw's Antique Armour Boutique.
   240 | D        | Found Kaohun's Antique Armour Shop.
   240 | D        | Found Samuom's Gadget Boutique.
   240 | D        | Noticed a shining eye
   244 | D        | Found Docikhas's Jewellery Boutique.
   244 | D        | Found Ugrouj's Distillery.
   244 | D        | Noticed a shining eye
   244 | D        | Noticed a shining eye
   244 | D        | Noticed an oklob plant
   245 | D        | Found Xinoiv Kyne's Book Shop.
   245 | D        | Found Onteajunatu's Book Shoppe.
   245 | D        | Found Xidghori's Book Boutique.
   292 | D        | Noticed a necrophage
   292 | D        | Noticed a necrophage
   292 | D        | Noticed a necrophage
   292 | D        | Noticed a necrophage
   295 | D        | Killed a necrophage
   295 | D        | Reached skill level 9 in Unarmed Combat
   295 | D        | Reached XP level 6. HP: 54/55 MP: 7/9
   305 | D        | Reached skill level 10 in Unarmed Combat
   311 | D        | Reached XP level 7. HP: 39/58 MP: 8/11
   326 | D        | Bought a potion of curing for 39 gold pieces
   329 | D        | Learned a level 2 spell: Blink
   346 | D        | Reached skill level 1 in Translocations
   432 | D        | Noticed a neqoxec
   432 | D        | Noticed a neqoxec
   432 | D        | Noticed a neqoxec
   432 | D        | Noticed a neqoxec
   438 | D        | Killed a neqoxec
   438 | D        | Reached skill level 11 in Unarmed Combat
   440 | D        | Gained mutation: Your body sometimes deteriorates upon taking damage. [a neqoxec]
   441 | D        | Killed a neqoxec
   444 | D        | Killed a neqoxec
   444 | D        | Reached XP level 8. HP: 79/79 MP: 11/13
   448 | D        | Reached skill level 5 in Fighting
   487 | D        | Bought a +6 amulet of reflection for 819 gold pieces
   516 | D        | Noticed a polar bear
   517 | D        | Noticed a yaktaur
   517 | D        | Noticed a hornet
   518 | D        | Noticed a polar bear
   519 | D        | Noticed a polar bear
   524 | D        | Killed a polar bear
   524 | D        | Reached skill level 12 in Unarmed Combat
   530 | D        | Killed a polar bear
   537 | D        | Killed a polar bear
   537 | D        | Reached skill level 13 in Unarmed Combat
   541 | D        | HP: 3/87 [hornet (3)]
   541 | D        | Slain by a yaktaur

Skill      XL: |  1  2  3  4  5  6  7  8 |
---------------+-------------------------+-----
Fighting       | 1 4 7 |  7.0
Unarmed Combat | 3 8 9 10 11 13 | 13.0
Conjurations   | 3 4 |  4.3
Fire Magic     | 2 3 |  3.2
Air Magic      | 1 2 |  2.9
Poison Magic   | 2 3 |  3.2
Spellcasting   | 3 4 |  4.2
Translocations | 2 |  2.5
Dodging        | |  1.5
Stealth        | |  1.0
Summonings     | |  0.6

Action                   |  1- 3 |  4- 6 |  7- 9 || total
-------------------------+-------+-------+-------++-------
Melee: Unarmed           |    26 |    26 |    45 ||    97
       Punch             |       |     1 |     2 ||     3
 Cast: Mephitic Cloud    |       |       |     2 ||     2
       Conjure Flame     |       |       |     1 ||     1
Invok: Call Merchant     |       |       |     1 ||     1
  Use: Potion            |       |       |     3 ||     3
  Eat: Chunk             |     6 |     1 |       ||     7
Armor: Robe              |       |     2 |    12 ||    14
Dodge: Dodged            |     7 |     3 |     8 ||    18
Block: Other             |       |       |     5 ||     5
       Reflection        |       |       |     1 ||     1
